 Dungeon Crawl Stone Soup version 0.23-a0-480-g1869896 (webtiles) character file.

5224 galech the Cleaver (level 10, 0/77 HPs)
             Began as a Demonspawn Fighter on Nov 28, 2018.
             Was an Elder of Okawaru.
             Slain by a centaur warrior
             ... wielding a +2 falchion of draining
              (1 damage)
             ... on level 8 of the Dungeon.
             The game lasted 00:13:54 (7584 turns).

galech the Cleaver (Demonspawn Fighter)             Turns: 7584, Time: 00:13:55

Health: 0/77       AC: 12    Str: 16    XL:     10   Next: 35%
Magic:  0/10       EV:  3    Int:  9    God:    Okawaru [****..]
Gold:   535        SH: 10    Dex: 17    Spells: 9/9 levels left

rFire    . . .     SeeInvis .   a - +0 war axe
rCold    . . .     Gourm    +   q - +2 shield
rNeg     . . .     Faith    .   D - +0 plate armour
rPois    .         Spirit   +   y - +0 helmet
rElec    .         Reflect  .   E - +0 cloak (curse)
rCorr    .         Harm     .   (no gloves)
MR       .....                  (no boots)
Stlth    ..........             h - amulet of the gourmand
HPRegen  0.22/turn              (no ring)
MPRegen  0.12/turn              (no ring)

@: lethally poisoned (0 -> -5), slowed, very heavily drained, very slow
A: talons 1, powered by death 2, magic shield, sturdy frame 1
a: Heroism, Renounce Religion


You were on level 8 of the Dungeon.
You worshipped Okawaru.
Okawaru was greatly pleased with you.
You were completely stuffed.

You visited 2 branches of the dungeon, and saw 9 of its levels.
You also visited: Ossuary.

You collected 535 gold pieces.

Inventory:

Hand Weapons
 a - a +0 war axe (weapon)
Armour
 q - a +2 shield (worn)
 y - a +0 helmet (worn)
 A - a +1 leather armour of positive energy
 D - a +0 plate armour (worn)
 E - a cursed +0 cloak (worn)
Jewellery
 h - an amulet of the gourmand (around neck)
Wands
 n - a wand of flame (28)
 p - a wand of digging (5)
 x - a wand of polymorph (18)
 H - a wand of random effects (22)
Scrolls
 b - 2 scrolls of remove curse
 c - a scroll of silence {unknown}
 e - a scroll of fear
 i - 2 scrolls of identify
 j - 2 scrolls of immolation
 l - a scroll of fog
 o - 3 scrolls of enchant armour {unknown}
 r - 3 scrolls of teleportation
 t - a scroll of enchant weapon {unknown}
 u - 2 scrolls of blinking {unknown}
 z - 3 scrolls of amnesia {unknown}
 F - 2 scrolls of brand weapon {unknown}
 G - a scroll of magic mapping
Potions
 d - a potion of lignification {unknown}
 g - 3 potions of heal wounds {unknown}
 k - a potion of flight {unknown}
 m - 4 potions of curing {unknown}
 s - 2 potions of magic {unknown}
 v - 3 potions of brilliance {unknown}
 w - 4 potions of ambrosia
 B - 2 potions of mutation {unknown}
 C - a potion of berserk rage {unknown}
Comestibles
 f - 19 rations
 I - 10 chunks of flesh


   Skills:
 + Level 6.4(1.4) Fighting
 + Level 9.8(4.3) Axes
 + Level 5.1(0.3) Armour
 + Level 4.0(0.0) Dodging
 + Level 1.3(0.0) Stealth
 + Level 6.5(1.4) Shields
 + Level 1.3(0.0) Unarmed Combat
 + Level 0.3(0.0) Invocations


You had 9 spell levels left.
You didn't know any spells.
Your spell library contained the following spells:

 Spells                   Type           Power        Failure   Level  Hunger
 Beastly Appendage        Tmut           #.....       100%        1    ##.....
 Corona                   Hex            #......      100%        1    ##.....
 Slow                     Hex            #.......     100%        2    ###....
 Sticks to Snakes         Tmut           #.......     100%        2    ###....
 Inner Flame              Hex/Fire       #.......     100%        3    ####...
 Portal Projectile        Hex/Tloc       #.....       100%        3    ####...
 Spider Form              Tmut/Pois      #.........   100%        3    ####...
 Cause Fear               Hex            #.........   100%        4    #####..
 Ice Form                 Ice/Tmut       #.......     100%        4    #####..
 Leda's Liquefaction      Hex/Erth       #.........   100%        4    #####..
 Blade Hands              Tmut           #.........   100%        5    ######.


Dungeon Overview and Level Annotations

Branches:
Dungeon (8/15)             Temple (1/1) D:4
   Lair: D:8-11

Altars:
Ashenzari
Dithmenos
Elyvilon
Fedhas
Gozag
Hepliaklqana
Kikubaaqudgha
Makhleb
Nemelex Xobeh
Okawaru
Qazlal
Ru
Sif Muna
Trog
Uskayaw
Vehumet
Wu Jian
Xom
Yredelemnul
Zin

Shops:
D:5 *

Annotations:
D:7 2 transporters, Uhlv's ghost, novice GnAK


Innate Abilities, Weirdness & Mutations

You have sharp toenails.
You regenerate health from kills.
When hurt, damage is shared between your health and your magic reserves.
Your movements are slightly less encumbered by armour. (ER -2)


Message History

* * * LOW HITPOINT WARNING * * *
You are poisoned.
You feel yourself slow down.
You closely miss the centaur warrior. You claw the centaur warrior.
The centaur warrior is almost dead.
You hit the hornet but do no damage.
You feel yourself speed up.
You feel sick.
The centaur warrior hits you with a +2 falchion of draining.
* * * LOW HITPOINT WARNING * * *
You feel drained. The hornet stings you.
* * * LOW HITPOINT WARNING * * *
You feel yourself slow down.
The centaur warrior completely misses you.
You block the hornet's attack.
The hornet stings you but does no damage.
The centaur warrior hits you with a +2 falchion of draining.
* * * LOW HITPOINT WARNING * * *
You feel drained.
You die...

c.. ..# #.. #..
########..
#..##........#
##..#.........##
#..............#
#cy.........#
##@..........#
#............#
###......†.....#
###
.#..............#
#.#
.................
##'##
#####.........(..
#...#
#.÷÷).....##.
#.#.#
##...÷.#####
###...###
#......#


You could see a centaur warrior and a hornet.

Vanquished Creatures
  A two-headed ogre (D:8)
  Pikel (D:6)
  3 hippogriffs
  2 hungry ghosts
  An ice beast (D:8)
  An orc warrior (D:7)
  3 phantoms
  An ogre (D:6)
  A bullfrog (D:7)
  A gnoll sergeant (D:4)
  A wyvern skeleton (D:8)
  5 scorpions
  3 howler monkeys (D:8)
  A bullfrog zombie (D:5)
  3 centaur zombies
  A quasit (D:7)
  7 gnoll shamans
  2 hounds
  3 jellies (D:8)
  4 orc priests
  3 human zombies (Ossuary)
  16 orc wizards
  2 iguanas (D:5)
  Ijyb (D:4)
  7 worker ants
  5 big kobold zombies (Ossuary)
  3 hound zombies
  2 hound skeletons (D:4)
  4 mummies
  Robin (D:2)
  A worker ant zombie (D:7)
  36 gnolls
  3 adders
  A shadow imp (D:7)
  4 adder zombies
  6 oozes
  An adder skeleton (D:6)
  8 worms
  3 dart slugs
  11 leopard geckos
  33 orcs
  4 giant cockroaches
  15 goblins
  14 hobgoblins
  22 jackals
  2 quokkas (D:7)
  5 bats
  3 frilled lizards
  5 goblin zombies (Ossuary)
  2 hobgoblin zombies (Ossuary)
  A jackal skeleton (D:7)
  A jackal zombie (Ossuary)
  10 kobolds
  5 kobold zombies
  2 leopard gecko skeletons (D:4)
  An orc zombie (Ossuary)
  7 quokka zombies (Ossuary)
  14 rats
  3 rat zombies (Ossuary)
312 creatures vanquished.

Notes
Turn   | Place    | Note
-------+----------+-------------------------------------------
     0 | D:1      | galech the Demonspawn Fighter began the quest for the Orb.
     0 | D:1      | Reached XP level 1. HP: 18/18 MP: 1/1
    15 | D:1      | Gained mutation: You regenerate a little health from kills.
                  | [demonic ancestry]
    15 | D:1      | Reached XP level 2. HP: 24/24 MP: 2/2
   366 | D:1      | Reached skill level 2 in Axes
   492 | D:1      | Reached XP level 3. HP: 19/29 MP: 3/3
  1029 | D:2      | Found a basalt altar of Yredelemnul.
  1475 | D:2      | Found a deep blue altar of Sif Muna.
  1514 | D:2      | Noticed a moth of wrath
  1515 | D:2      | Noticed Robin
  1532 | D:2      | Gained mutation: You regenerate health from kills. [demonic
                  | ancestry]
  1532 | D:2      | Reached XP level 4. HP: 23/35 MP: 4/4
  1552 | D:2      | Killed Robin
  1560 | D:2      | Found a bloodstained altar of Trog.
  1650 | D:2      | Found a hide-covered altar of Uskayaw.
  1927 | D:3      | Reached skill level 3 in Axes
  1927 | D:3      | Reached skill level 1 in Unarmed Combat
  1927 | D:3      | Reached XP level 5. HP: 27/41 MP: 5/5
  2192 | D:3      | Found a radiant altar of Vehumet.
  2514 | D:4      | Reached skill level 1 in Dodging
  2611 | D:4      | Reached skill level 4 in Axes
  2611 | D:4      | Reached XP level 6. HP: 30/48 MP: 6/6
  2977 | D:4      | Gained mutation: Your movements are slightly less
                  | encumbered by armour. (ER -2) [demonic ancestry]
  2977 | D:4      | Reached XP level 7. HP: 9/54 MP: 7/7
  3108 | D:5      | Entered Level 5 of the Dungeon
  3441 | D:4      | Found a shattered altar of Ashenzari.
  3640 | D:4      | Reached skill level 5 in Axes
  3945 | D:4      | Found a staircase to the Ecumenical Temple.
  3961 | Temple   | Entered the Ecumenical Temple
  3979 | Temple   | Became a worshipper of Warmaster Okawaru
  4115 | D:4      | Reached XP level 8. HP: 49/61 MP: 8/8
  4244 | D:4      | Noticed Ijyb
  4255 | D:4      | Killed Ijyb
  4434 | D:4      | Reached skill level 6 in Axes
  4542 | D:5      | Reached * piety under Okawaru
  4546 | D:5      | Found Zin's Purification Station.
  4546 | D:5      | Found a glowing silver altar of Zin.
  4568 | D:5      | Found a stormy altar of Qazlal.
  4575 | D:5      | Noticed an air elemental
  4692 | D:5      | Reached skill level 5 in Shields
  4966 | D:5      | Reached skill level 5 in Fighting
  5402 | D:6      | Found an opulent altar of Gozag.
  5452 | D:6      | Noticed Pikel
  5484 | D:6      | Killed Pikel
  5484 | D:6      | Reached ** piety under Okawaru
  5484 | D:6      | Reached skill level 7 in Axes
  5484 | D:6      | Reached skill level 1 in Stealth
  5484 | D:6      | Gained mutation: You have sharp toenails. [demonic
                  | ancestry]
  5484 | D:6      | Reached XP level 9. HP: 61/68 MP: 6/9
  5511 | D:6      | Found a shattered altar of Ashenzari.
  5835 | D:6      | Found a sacrificial altar of Ru.
  6012 | D:7      | Found a sand-covered staircase.
  6022 | Ossuary  | Entered an ossuary
  6154 | Ossuary  | Reached skill level 8 in Axes
  6217 | Ossuary  | Reached *** piety under Okawaru
  6458 | D:7      | Found a burning altar of Makhleb.
  6643 | D:7      | Noticed Uhlv's ghost (novice GnAK)
  6644 | D:7      | Found a transporter.
  6645 | D:7      | Identified the +12 great mace of Kismet {freeze, *Noise
                  | rElec MR++ Stlth+}
  6645 | D:7      | Identified the cursed +3 dire flail "Bunku" {venom, rPois
                  | Dex+4}
  6645 | D:7      | Noticed a two-headed ogre
  6646 | D:7      | Found a transporter.
  6699 | D:7      | Found a hazy altar of Hepliaklqana.
  6863 | D:7      | Reached skill level 9 in Axes
  7131 | D:7      | Found a sparkling altar of Nemelex Xobeh.
  7176 | D:7      | Reached **** piety under Okawaru
  7220 | D:8      | Found a shimmering altar of Xom.
  7253 | D:8      | Received a gift from Okawaru
  7253 | D:8      | Gained mutation: When hurt, damage is shared between your
                  | health and your magic reserves. [demonic ancestry]
  7253 | D:8      | Reached XP level 10. HP: 57/76 MP: 10/10
  7464 | D:8      | Reached skill level 5 in Armour
  7491 | D:8      | Noticed a two-headed ogre
  7510 | D:8      | Killed a two-headed ogre
  7544 | D:8      | Identified the ring of the Manifold Orbs {rElec MR++ EV+1
                  | Str+3}
  7544 | D:8      | Noticed a centaur warrior
  7584 | D:8      | HP: 1/77 [centaur warrior/+2 falchion of draining (4)]
  7584 | D:8      | Slain by a centaur warrior

Vault maps used:
D:1:      minmay_arrival_arboretum_small, item_on_display_a
D:2:      nicolae_overflow_crystal_walls, marbit_many_paths, led_sif_pool,
          tgw_trog, nrook_loot_triangle, uniq_robin
D:3:      overflow_temple_1_default, first_ration
D:4:      lemuel_castle_with_subvaults, lemuel_round_altar, temple_fountains,
          uniq_ijyb
D:5:      zin_purify, nicolae_qazlal_style_of_elements, kennysheep_small_spiral,
          minmay_circle_x
D:6:      minmay_evil_eye, nicolae_gozag_seed_capital,
          nicolae_ru_sacrificial_ziggurat, evilmike_ruin_ashenzari, uniq_pikel
D:7:      lemuel_coloured_pillars_altar, makhleb_heckhound_becter, basic_altar,
          gammafunk_ghost_smash, nicolae_ossuary_entry_giza,
          minmay_a_box_with_orc_wizards_in_it
D:8:      brannock_xom_greatest_gift, hangedman_little_slice_of_home,
          minmay_radiant
Temple:   compressed_dpeg_triangle_lava_temple
Ossuary:  minmay_ossuary_two_tombs

Skill      XL: |  1  2  3  4  5  6  7  8  9 10 |
---------------+-------------------------------+-----
Armour         | 3 4 5 |  5.1
Axes           | 2 3 4 5 7 9 |  9.8
Shields        | 3 4 5 6 |  6.5
Unarmed Combat | 1 |  1.3
Dodging        | 1 2 3 4 |  4.0
Fighting       | 4 5 6 |  6.4
Stealth        | 1 |  1.3
Invocations    | |  0.3

Action                   |  1- 3 |  4- 6 |  7- 9 | 10-12 || total
-------------------------+-------+-------+-------+-------++-------
Melee: War axe           |   131 |   178 |   690 |    90 ||  1089
       Unarmed           |       |    18 |       |       ||    18
       Kick              |       |       |   109 |    34 ||   143
Invok: Heroism           |       |       |     1 |     2 ||     3
  Use: Potion            |       |     1 |     1 |       ||     2
       Scroll            |       |       |     6 |       ||     6
 Stab: Sleeping          |       |       |     2 |       ||     2
  Eat: Chunk             |    18 |     8 |    22 |    10 ||    58
Armor: Scale mail        |    14 |       |       |       ||    14
       Ring mail         |    41 |    59 |   146 |       ||   246
       Plate armour      |       |       |   163 |    43 ||   206
Dodge: Dodged            |    32 |    67 |   235 |    19 ||   353
Block: Shield            |    79 |   117 |   496 |    58 ||   750

Table legend:
 A = Non-vault XP
 B = Vault XP
 C = Vault XP percentage of total XP
 D = Non-vault monster count
 E = Vault monster count
 F = Vault count percentage of total count
                 A         B        C        D         E       F
            +---------+---------+-------+---------+---------+-------
      Total |    5067 |    2396 |  32.1 |     183 |     129 |  41.3
            +---------+---------+-------+---------+---------+-------
        D:1 |      47 |       0 |   0.0 |      28 |       0 |   0.0
        D:2 |      51 |      46 |  47.4 |      17 |      18 |  51.4
        D:3 |     129 |       0 |   0.0 |      19 |       0 |   0.0
        D:4 |     588 |     730 |  55.4 |      31 |      51 |  62.2
        D:5 |     780 |      16 |   2.0 |      28 |       2 |   6.7
        D:6 |     381 |     650 |  63.0 |      20 |       3 |  13.0
        D:7 |    1240 |     182 |  12.8 |      25 |       7 |  21.9
        D:8 |    1851 |     297 |  13.8 |      15 |       9 |  37.5
    Ossuary |       0 |     475 | 100.0 |       0 |      39 | 100.0
            +---------+---------+-------+---------+---------+-------
